 Dungeon Crawl Stone Soup version 0.26-a0-863-g3bff4b215c (webtiles) character file.

Game seed: 6610392650716162856

4 benadryl the Skirmisher (level 1, -1/18 HPs)
             Began as a Demonspawn Abyssal Knight on Nov 25, 2020.
             Was a Follower of Lugonu.
             Slain by a gnoll
             ... wielding a +0 whip
              (2 damage)
             ... on level 1 of the Dungeon.
             The game lasted 00:01:07 (207 turns).

benadryl the Skirmisher (Demonspawn Abyssal Knight)  Turns: 207, Time: 00:01:07

Health: -1/18      AC:  3    Str:  9 (12) XL:     1   Next: 58%
Magic:  11/11      EV: 11    Int: 11 (13) God:    Lugonu [*.....]
Gold:   0          SH:  0    Dex:  9 (12) Spells: 0/0 levels left

rFire    . . .     SeeInvis .   a - +1 falchion
rCold    . . .     Faith    .   (no shield)
rNeg     . . .     Spirit   .   b - +0 leather armour
rPois    .         Reflect  .   (no helmet)
rElec    .         Harm     .   (no cloak)
rCorr    .         Rampage  .   (no gloves)
MR       .....                  (no boots)
Stlth    +.........             (no amulet)
HPRegen  0.06/turn              d - ring of magical power
MPRegen  0.12/turn              (no ring)

@: no status effects
A: no striking features
a: Depart the Abyss, Renounce Religion


You were on level 1 of the Dungeon.
You worshipped Lugonu.
Lugonu was aware of your devotion.
You visited 1 branch of the dungeon, and saw 1 of its levels.
You visited the Abyss 1 time.

Inventory:

Hand Weapons
 a - a +1 falchion (weapon)
Armour
 b - a +0 leather armour (worn)
Jewellery
 d - a ring of magical power (left hand)
Scrolls
 c - a scroll of enchant weapon {unknown}


   Skills:
 + Level 3.3 Fighting
 - Level 1.7 Long Blades
 - Level 1.7 Armour
 - Level 0.8 Dodging
 - Level 2.4 Invocations


You couldn't memorise any spells.
You didn't know any spells.
Your spell library was empty.

Dungeon Overview and Level Annotations

Branches:
Dungeon (1/15)

Altars:


Message History

The gnoll hits you with a +0 whip.
You aren't carrying any items that you can evoke.
Okay, then.
It was a potion of degeneration.
There was something very wrong with that liquid.
You feel weakened.
You feel dopey.
You feel clumsy. The gnoll misses you.
You riposte.
You hit the gnoll.
The gnoll is moderately wounded.
You hit the gnoll.
The gnoll is heavily wounded.
The gnoll misses you.
You hit the gnoll but do no damage.
The gnoll is heavily wounded.
The gnoll hits you but does no damage.
You hit the gnoll.
The gnoll is almost dead.
The gnoll hits you with a +0 whip!
* * * LOW HITPOINT WARNING * * *
The gnoll hits you with a +0 whip.
You die...

.♣ #........)...#
#.....# #
#............#
#.....#
##..########.#
#.....##### #..#
#.# #..........
#..# #.#
#.......... #..#
#.# #..........
#..# #.#
#......... #..#
#.# #.........
#@######.........
#.g........######
############


You could see a gnoll.

Vanquished Creatures
  A leopard gecko (D:1)
  A giant cockroach (D:1)
  A hobgoblin (D:1)
3 creatures vanquished.

Notes
Turn   | Place    | Note
-------+----------+-------------------------------------------
     0 | Abyss:1  | benadryl the Demonspawn Abyssal Knight began the quest for
                  | the Orb.
     0 | Abyss:1  | Reached XP level 1. HP: 18/18 MP: 2/2
     5 | Abyss:1  | Found a corrupted altar of Lugonu.
    43 | Abyss:1  | Found a stormy altar of Qazlal.
    51 | Abyss:1  | Found a corrupted altar of Lugonu.
    59 | Abyss:1  | Noticed an ancient zyme
    60 | Abyss:1  | Noticed a ynoxinul
    60 | Abyss:1  | Noticed a small abomination
    61 | D:1      | Escaped the Abyss
   193 | D:1      | Reached * piety under Lugonu
   207 | D:1      | Slain by a gnoll

Illustrated notes

Levels and vault maps discovered:
D:1:      nzn_arrival_settlement, layout_basic

Action                   || total
-------------------------++-------
Melee: Falchion          ||    11
Invok: Depart the Abyss  ||     1
  Use: Potion            ||     1
Armor: Leather armour    ||     1
Dodge: Dodged            ||    13
       Rpst.: Falchion   ||     6

Table legend: (Time is in decaauts)
 A = Elapsed time spent in this place.
 B = Non-inter-level travel time spent in this place.
 C = Inter-level travel time spent in this place.
 D = Time resting spent in this place.
 E = Time spent auto-exploring this place.
 F = Levels seen in this place.
 G = Mean time per level.
                   A        B        C        D        E       F      G
               +--------+--------+--------+--------+--------+-----+--------+
         Total |    208 |    208 |      0 |      0 |     79 |   2 |  104.0 |
       Dungeon |    147 |    147 |      0 |      0 |     79 |   1 |  147.0 |
         Abyss |     61 |     61 |      0 |      0 |      0 |   1 |   61.0 |
               +--------+--------+--------+--------+--------+-----+--------+

Top non-repeatable levels by time:
     D:1: 147 daAuts
 Abyss:1: 61 daAuts
